 Dungeon Crawl Stone Soup version 0.16-a0-3884-g0a5f664 (webtiles) character file.

4892 MDvedh the Transmogrifier (level 10, -17/71 HPs)
             Began as a Mottled Draconian Transmuter on Feb 2, 2015.
             Was a Believer of Dithmenos.
             Demolished by an orc warrior
             ... wielding a +0 halberd
              (24 damage)
             ... on level 9 of the Dungeon.
             The game lasted 00:33:51 (11761 turns).

MDvedh the Transmogrifier (DrTm)                   Turns: 11761, Time: 00:33:52

Health: -17/71     AC: 11    Str: 16    XL:     10   Next: 26%
Magic:  17/19      EV: 14    Int: 14    God:    Dithmenos [**....]
Gold:   302        SH:  0    Dex: 17    Spells: 4 memorised, 4 levels left

rFire  . . .     SeeInvis .       - Unarmed
rCold  . . .     Clarity  .     (armour unavailable)
rNeg   . . .     SustAb   +     (no shield)
rPois  .         Gourm    +     (helmet restricted)
rElec  .         Spirit   .     v - +0 cloak
rCorr  .         Warding  .     C - +2 pair of gloves {Str+3}
rMut   .         Stasis   .     (no boots)
MR     .....                    w - amulet of the gourmand
Stlth  ++........               F - +3 ring of dexterity
                                g - ring of sustain abilities (curse)

@: wreathed by umbra, not resistant to hostile enchantments, unstealthy
A: breathe sticky flames, unfitting armour, stinger 1, sense surroundings 1,
cold-blooded, placid magic 1, AC +7
a: Breathe Sticky Flame, Shadow Step, Renounce Religion


You were on level 9 of the Dungeon.
You worshipped Dithmenos.
Dithmenos was pleased with you.
You were not hungry.

You visited 2 branches of the dungeon, and saw 10 of its levels.
You also visited: Bailey.

You collected 480 gold pieces.
You spent 178 gold pieces at shops.

Inventory:

Missiles
 b - 184 arrows
Armour
 v - a +0 cloak (worn)
 C - a +2 pair of gloves of strength (worn)
Jewellery
 g - a cursed ring of sustain abilities (left hand)
 w - an amulet of the gourmand (around neck)
 F - a +3 ring of dexterity (right hand)
Magical devices
 p - a wand of disintegration (18)
 t - a wand of frost (15)
 E - a wand of magic darts (19)
 G - a wand of cold (9)
 H - a wand of fire (7)
 I - a wand of enslavement (1)
Scrolls
 f - 3 scrolls of teleportation
 i - a scroll of magic mapping
 r - a scroll of fear
 u - 5 scrolls of blinking
 D - 3 scrolls of fog
Potions
 c - 4 potions of brilliance
 e - 2 potions of might
 h - a potion of cure mutation
 j - a potion of ambrosia
 k - 2 potions of magic
 l - 3 potions of haste
 m - a potion of resistance
 o - 5 potions of curing
 q - a potion of cancellation
Books
 d - a book of Changes

   Spells                             Type                      Level
   a - Beastly Appendage              Transmutation                1
   b - Sticks to Snakes               Transmutation                2
   c - Spider Form                    Transmutation/Poison         3
   d - Ice Form                       Ice/Transmutation            4
   e - Blade Hands                    Transmutation                5
 s - a book of Party Tricks

   Spells                             Type                      Level
   a - Summon Butterflies             Summoning                    1
   b - Apportation                    Translocation                1
   c - Tukima's Dance                 Hexes                        3
   d - Alistair's Intoxication        Transmutation/Poison         4
   e - Invisibility                   Hexes                        6
 x - a book of Unlife

   Spells                             Type                      Level
   a - Recall                         Summoning/Translocation      3
   b - Animate Dead                   Necromancy                   4
   c - Control Undead                 Necromancy                   4
   d - Cigotuvi's Embrace             Necromancy                   5
   e - Death Channel                  Necromancy                   6
   f - Simulacrum                     Ice/Necromancy               6
 y - a book of Alchemy

   Spells                             Type                      Level
   a - Sublimation of Blood           Necromancy                   2
   b - Alistair's Intoxication        Transmutation/Poison         4
   c - Condensation Shield            Ice                          4
   d - Petrify                        Transmutation/Earth          4
   e - Ignite Poison                  Fire/Transmutation           5
   f - Irradiate                      Conjuration/Transmutation    5
 K - a book of Frost

   Spells                             Type                      Level
   a - Freeze                         Ice                          1
   b - Throw Frost                    Conjuration/Ice              2
   c - Ozocubu's Armour               Charms/Ice                   3
   d - Throw Icicle                   Conjuration/Ice              4
   e - Summon Ice Beast               Ice/Summoning                4
   f - Condensation Shield            Ice                          4
Comestibles
 a - 4 bread rations
 n - 3 meat rations
 z - a fruit
 J - a beef jerky


   Skills:
 - Level 1.1 Fighting
 * Level 4.2 Dodging
 + Level 10.3 Unarmed Combat
 + Level 3.4 Spellcasting
 + Level 10.4 Transmutations


You had 4 spell levels left.
You knew the following spells:

 Your Spells              Type           Power        Failure   Level  Hunger
a - Beastly Appendage     Trmt           ###...       1%          1    #......
b - Sticks to Snakes      Trmt           ###.......   1%          2    ##.....
c - Spider Form           Trmt/Pois      ##........   4%          3    ###....
d - Blade Hands           Trmt           ###.......   4%          5    ######.


Dungeon Overview and Level Annotations

Branches:
Dungeon (9/15)             Temple (1/1) D:5            Lair (0/8) D:8
    Orc: D:9-12

Altars:
Cheibriados
Dithmenos
Elyvilon
Fedhas
Gozag
Kikubaaqudgha
Okawaru
Qazlal
Ru
Trog
Vehumet
Yredelemnul
Zin
The Shining One

Shops:
D:4 [*}   D:7 *   D:9 %*

Annotations:
D:4 exclusions: orc wizard and 3 more exclusions
D:9 haldagan's ghost, experienced MfGl


Innate Abilities, Weirdness & Mutations

You can spit globs of burning liquid.
You can ignite nearby creatures when you spit burning liquid.
Your weird mottled scales are hard (AC +7).
Your body does not fit into most forms of armour.
Your cold-blooded metabolism reacts poorly to cold.
Your tail ends in a poisonous barb.
You passively map a small area around you.
Your spells are a little easier to cast, but a little less powerful.


Message History

You punch the orc warrior!
The orc warrior is heavily wounded.
The orc warrior barely misses you.
You barely miss the orc warrior.
The orc warrior is heavily wounded.
You hit the orc warrior.
You punch the orc warrior, but do no damage.
The orc warrior is severely wounded.
The orc warrior closely misses you.
You barely miss the orc warrior.
You tail-slap the orc warrior, but do no damage.
The orc warrior is severely wounded.
You hit the orc warrior but do no damage.
The orc warrior is severely wounded.
The orc warrior hits you with a halberd!
* * * LOW HITPOINT WARNING * * *
You closely miss the orc warrior. You tail-slap the orc warrior.
The orc warrior is almost dead.
The orc warrior hits you with a halberd!!
You die...

**########### *,..........#
*,..........# *.......))?.##
########## *............#
#......... *****..........o)#
#......... *,,,,,..########@#
#......... *,********* #.#
#......... *,,,,,,,,,* #.#
#####......... *********,* #.#
#............. *
*****§≈.######.###.............
***⌠*⌠*#≈........................
**≈≈≈≈≈#≈.######.##..............
**≈,,,≈#≈,* #.##.######.......
*⌠≈,,,≈#≈.######.##..############


You could see an orc warrior.

Vanquished Creatures
  Pikel (D:8)
  A komodo dragon (D:8)
  5 yaks (D:9)
  A hungry ghost (D:8)
  A hippogriff (D:7)
  3 water moccasins
  An orc warrior (D:5)
  The ghost of smajdalf the Chucker, an average OgHu (D:3)
  3 ogres
  2 black bears
  A centaur (D:9)
  A phantom (D:6)
  Sigmund (D:2)
  2 big kobolds
  2 giant frogs
  A gnoll sergeant (D:7)
  2 scorpions
  10 wights
  2 crimson imps
  A wasp zombie (D:9)
  5 hounds
  Crazy Yiuf (D:3)
  2 jellies
  2 orc priests
  4 worker ants
  4 orc wizards
  Jessica (D:2)
  A hound zombie (D:8)
  Terence (D:3)
  A mummy (D:8)
  4 river rats (D:7)
  10 adders
  6 gnolls
  3 shadow imps
  A giant mite (D:3)
  2 worms (D:2)
  An adder zombie (D:8)
  An adder skeleton (D:4)
  3 oozes
  24 orcs
  4 ball pythons
  14 bats
  A bat zombie (D:5)
  19 goblins
  19 hobgoblins
  5 jackals
  19 kobolds
  2 quokkas
  6 giant cockroaches
  7 giant geckos
  4 giant newts
  A quokka skeleton (D:9)
  12 rats
  4 ballistomycetes (D:7)
  A fungus (D:3)
237 creatures vanquished.

Vanquished Creatures (others)
  A slave (D:8)
  A giant spore (D:7)
  A rat (D:8)
  3 plants
6 creatures vanquished.

Grand Total: 243 creatures vanquished

Notes
Turn   | Place    | Note
--------------------------------------------------------------
     0 | D:1      | MDvedh, the Draconian Transmuter, began the quest for the Orb.
     0 | D:1      | Reached XP level 1. HP: 16/16 MP: 3/3
   260 | D:1      | Reached XP level 2. HP: 15/23 MP: 4/4
   515 | D:1      | Learned a level 2 spell: Sticks to Snakes
   951 | D:1      | Reached XP level 3. HP: 28/28 MP: 6/6
  1163 | D:2      | Reached skill level 4 in Unarmed Combat
  1190 | D:2      | Learned a level 3 spell: Spider Form
  1497 | D:2      | Reached XP level 4. HP: 31/35 MP: 5/7
  1515 | D:2      | Noticed Sigmund
  1539 | D:2      | Killed Sigmund
  1539 | D:2      | Reached XP level 5. HP: 29/40 MP: 9/9
  1740 | D:2      | Noticed Jessica
  1749 | D:2      | Killed Jessica
  2626 | D:3      | Noticed smajdalf's ghost (average OgHu)
  2663 | D:3      | Killed smajdalf's ghost
  2663 | D:3      | Reached skill level 5 in Transmutations
  2663 | D:3      | Reached XP level 6. HP: 15/47 MP: 8/10
  2739 | D:3      | Reached skill level 5 in Unarmed Combat
  2911 | D:3      | Noticed Terence
  2931 | D:3      | Killed Terence
  3189 | D:3      | Found a blossoming altar of Fedhas.
  3788 | D:3      | Noticed Crazy Yiuf
  3798 | D:3      | Killed Crazy Yiuf
  4756 | D:4      | Found Asiovioch's Assorted Antiques.
  4763 | D:4      | Bought a runed wooden ring for 80 gold pieces
  4763 | D:4      | Bought a pair of runed gloves for 72 gold pieces
  4886 | D:4      | Found Ilauv Pir's Gadget Emporium.
  4905 | D:4      | Your scales start taking on a weird mottled pattern.
  4905 | D:4      | Reached XP level 7. HP: 49/52 MP: 12/12
  4919 | D:4      | Found Uzupimmoud's Armour Shop.
  4985 | D:4      | You fall through a shaft!
  4985 | D:5      | Entered Level 5 of the Dungeon
  4997 | D:5      | Reached skill level 6 in Transmutations
  5238 | D:5      | Found a glowing silver altar of Zin.
  5430 | D:5      | Found a staircase to the Ecumenical Temple.
  5450 | Temple   | Entered the Ecumenical Temple
  5700 | Temple   | Became a worshipper of Dithmenos the Shadowed
  5752 | D:5      | Found a glowing golden altar of the Shining One.
  6085 | D:6      | Reached skill level 7 in Transmutations
  6354 | D:6      | Reached XP level 8. HP: 44/59 MP: 13/13
  6500 | D:6      | Found an opulent altar of Gozag.
  6795 | D:6      | Found a snail-covered altar of Cheibriados.
  6806 | D:6      | Found a radiant altar of Vehumet.
  7182 | D:5      | HP: 1/59 [orc warrior/battleaxe (15)]
  8000 | D:7      | Reached skill level 8 in Transmutations
  8031 | D:7      | Found a flagged portal.
  8039 | Bailey   | Entered a bailey
  8039 | Bailey   | Noticed an orc knight
  8105 | D:7      | HP: 2/59 [gnoll/halberd (9)]
  8400 | D:7      | Found an ancient bone altar of Kikubaaqudgha.
  8657 | D:7      | Found Waul's Serpentskin Sales.
  8676 | D:7      | Reached XP level 9. HP: 32/64 MP: 14/14
  8684 | D:7      | Reached skill level 9 in Transmutations
  9265 | D:7      | Learned a level 5 spell: Blade Hands
  9282 | D:7      | You fall through a shaft!
  9400 | D:8      | Noticed Pikel
  9432 | D:8      | Killed Pikel
  9679 | D:8      | Acquired Dithmenos' first power
  9709 | D:8      | Found a staircase to the Lair.
  9714 | D:8      | Noticed a komodo dragon
  9732 | D:8      | Found a sacrificial altar of Ru.
  9886 | D:8      | Reached skill level 10 in Transmutations
  9892 | D:8      | Found a stormy altar of Qazlal.
 10459 | D:8      | Killed a komodo dragon
 10459 | D:8      | Reached skill level 10 in Unarmed Combat
 10677 | D:9      | Noticed haldagan's ghost (experienced MfGl)
 11057 | D:9      | Found Qoan's Food Shoppe.
 11214 | D:9      | Found Ytiap's General Store.
 11232 | D:9      | Bought a scroll of fog for 26 gold pieces
 11242 | D:9      | Gained mutation: Your spells are a little easier to cast, but a little less powerful. [potion of mutation]
 11242 | D:9      | Gained mutation: Your tail ends in a poisonous barb. [potion of mutation]
 11242 | D:9      | Gained mutation: You passively map a small area around you. [potion of mutation]
 11339 | D:9      | Reached XP level 10. HP: 65/71 MP: 11/17
 11761 | D:9      | Demolished by an orc warrior

Action                   |  1- 3 |  4- 6 |  7- 9 | 10-12 || total
-------------------------+-------+-------+-------+-------++-------
Melee: Unarmed           |   160 |   261 |   593 |    59 ||  1073
 Cast: Beastly Appendage |     7 |    10 |    24 |     1 ||    42
       Spider Form       |       |       |     2 |       ||     2
       Blade Hands       |       |       |     1 |     1 ||     2
 Abil: Breathe Sticky Fl |       |       |     3 |       ||     3
  Use: Scroll            |       |    12 |    10 |       ||    22
       Potion            |       |       |     4 |       ||     4
 Stab: Distracted        |     1 |       |       |       ||     1
       Sleeping          |       |     1 |     3 |       ||     4
       Invisible         |       |       |     1 |       ||     1
       Paralysed         |       |       |     1 |       ||     1
  Eat: Chunk             |     2 |    10 |    10 |     4 ||    26
       Pizza             |       |     1 |       |       ||     1
       Fruit             |       |       |     6 |       ||     6
       Meat ration       |       |       |     1 |       ||     1
       Bread ration      |       |       |     1 |       ||     1
